 Dungeon Crawl Stone Soup version 0.27-a0-1378-gdefffd1ff6 (webtiles) character file.

Game seed: 3543987857155377057

63 pokeman the Magician (level 3, 0/20 HPs)
             Began as a Deep Elf Hedge Wizard on June 29, 2021.
             Frozen to death by an endoplasm (1 damage)
             ... on level 2 of the Dungeon.
             The game lasted 00:04:24 (2004 turns).

pokeman the Magician (Deep Elf Hedge Wizard)        Turns: 2004, Time: 00:04:25

Health: 0/20       AC:  3    Str:  7    XL:     3   Next: 89%
Magic:  1/11       EV: 12    Int: 19    God:
Gold:   154        SH:  0    Dex: 14    Spells: 1/12 levels left

rFire    . . .     SeeInvis .   j - +1 dagger (vamp)
rCold    . . .     Faith    .   (no shield)
rNeg     . . .     Spirit   .   b - +0 robe
rPois    .         Reflect  .   e - +0 helmet
rElec    .         Harm     .   (no cloak)
rCorr    .         Rampage  .   (no gloves)
Will     .....                  (no boots)
Stlth    ++........             (no amulet)
HPRegen  0.06/turn              (no ring)
MPRegen  0.12/turn              (no ring)

@: lethally poisoned (0 -> -3)
A: no striking features
a: no special abilities


You were on level 2 of the Dungeon.
You visited 1 branch of the dungeon, and saw 2 of its levels.

You collected 154 gold pieces.

Inventory:

Hand Weapons
 j - a +1 vampiric dagger (weapon)
Missiles
 c - 17 bolts
Armour
 b - a +0 robe (worn)
 e - a +0 helmet (worn)
Scrolls
 d - a scroll of enchant weapon {unknown}
 g - a scroll of summoning {unknown}
 i - a scroll of blinking {unknown}
Potions
 a - a potion of mutation {unknown}
 f - 2 potions of curing {unknown}


   Skills:
 - Level 1.0 Fighting
 - Level 1.0 Armour
 + Level 2.5 Dodging
 - Level 2.4 Stealth
 * Level 5.4 Spellcasting
 + Level 2.0 Conjurations
 - Level 1.1 Summonings
 - Level 1.1 Translocations
 + Level 0.2 Fire Magic


You had one spell level left.
You knew the following spells:

 Your Spells              Type           Power      Damage    Failure   Level
a - Magic Dart            Conj           52%        1d5       4%          1
b - Mephitic Cloud        Conj/Pois/Air  7%         N/A       26%         3
c - Call Imp              Summ           9%         N/A       12%         2
d - Blink                 Tloc           N/A        N/A       12%         2
e - Conjure Flame         Conj/Fire      9%         6-21      22%         3

Your spell library contained the following spells:

 Spells                   Type           Power      Damage    Failure   Level
 Searing Ray              Conj           26%        3d4       8%          2
 Slow                     Hex            5%         N/A       19%         2
 Dazzling Flash           Conj/Hex       18%        N/A       24%         3
 Iskenderun's Mystic Bla  Conj/Tloc      11%        2d4       52%         4
 Fulminant Prism          Conj/Hex       4%         3d6       61%         4


Dungeon Overview and Level Annotations

Branches:
Dungeon (2/15)

Altars:

Shops:
D:2 =


Message History

You hit the adder.
You feel better.
The adder is moderately wounded.
The adder bites you.
You are poisoned.
The adder poisons you! The adder bites you.
Casting: Magic Dart (safe; 5% risk of failure)
Confirm with . or Enter, or press ? or * to list all spells.
Aiming: Magic Dart (safe; 5% risk of failure)
Press: ? - help, Shift-Dir - straight line, f/p - endoplasm
Aim: an endoplasm (lightly wounded, 100% to hit)
The magic dart hits the adder.
The adder is severely wounded.
You feel sick. The adder bites you.
Casting: Magic Dart (safe; 5% risk of failure)
Confirm with . or Enter, or press ? or * to list all spells.
Aiming: Magic Dart (safe; 5% risk of failure)
Press: ? - help, Shift-Dir - straight line, f/p - endoplasm
Aim: an endoplasm (lightly wounded, 100% to hit)
The magic dart hits the adder.
You kill the adder!
You feel sick.
Casting: Magic Dart (safe; 4% risk of failure)
Confirm with . or Enter, or press ? or * to list all spells.
Aiming: Magic Dart (safe; 4% risk of failure)
Press: ? - help, Shift-Dir - straight line, f/p - endoplasm
Aim: an endoplasm (lightly wounded, 100% to hit)
The magic dart hits the endoplasm.
The endoplasm is moderately wounded.
You feel sick. The endoplasm freezes you.
You are frozen.
* * * LOW HITPOINT WARNING * * *
Your magical contamination has completely faded away.
You hit the endoplasm.
The endoplasm is almost dead.
* * * LOW HITPOINT WARNING * * *
You feel sick. The endoplasm freezes you.
You are frozen.
You die...

# .#.. # #..♣._[♣...# ##.
#..♣.♣....# ...#
....♣....### ####
#..........$ #..#.....##
##........ ##.....##J# ###
########...>..##@## ###....
#...####..#...#...# .......
#....###..#....∩#.##.......
#....###..#...#.#..)..#
...#..##..#####..†..#..#
..##..#..######....## ....
.###..†.##....†...## ....
.###...##...###..## ..#
.#######.. #..## ..


You could see an endoplasm.

Vanquished Creatures
  3 adders (D:2)
  A dart slug (D:1)
  3 endoplasms
  A giant cockroach (D:1)
  4 goblins
  3 hobgoblins (D:2)
  2 quokkas
  6 ball pythons
  2 bats (D:1)
  2 frilled lizards
  5 kobolds
  2 rats
34 creatures vanquished.

Vanquished Creatures (others)
  4 toadstools (D:1)
4 creatures vanquished.

Grand Total: 38 creatures vanquished

Notes
Turn   | Place    | Note
-------+----------+-------------------------------------------
     0 | D:1      | pokeman the Deep Elf Hedge Wizard began the quest for the
                  | Orb.
     0 | D:1      | Reached XP level 1. HP: 10/10 MP: 7/7
   586 | D:1      | Reached XP level 2. HP: 16/16 MP: 6/9
  1503 | D:2      | Reached skill level 5 in Spellcasting
  1631 | D:2      | Reached XP level 3. HP: 11/20 MP: 4/11
  1636 | D:2      | Learned a level 3 spell: Mephitic Cloud
  1639 | D:2      | Learned a level 2 spell: Call Imp
  1642 | D:2      | Learned a level 2 spell: Blink
  1646 | D:2      | Learned a level 3 spell: Conjure Flame
  1841 | D:2      | Found Esotof's Jewellery Boutique.
  1842 | D:2      | Found a faded altar of an unknown god.
  1886 | D:2      | Reached skill level 1 in Armour
  1888 | D:2      | Reached skill level 1 in Fighting
  2004 | D:2      | HP: 1/20 [poisoned by an adder]
  2004 | D:2      | Frozen to death by an endoplasm

Illustrated notes

Levels and vault maps discovered:
D:1:      mrwooster_arrival_statue, layout_basic, serial_corexii_hall,
          chequers_hall_statues_corner_a, chequers_hall_statues_y,
          corexii_hall_statues_l, corexii_hall_statues_deadend,
          minmay_gold_behind_fungi, chequers_serial_rivers_micro_d,
          minmay_misc_feat_plants
D:2:      minmay_alternating_diamond, layout_rooms,
          chequers_ecumenical_altar_simple_redux, serial_shops, shop,
          hangedman_glass_teeth, uniq_terence

Skill      XL: |  1  2  3 |
---------------+----------+-----
Spellcasting   | 5 |  5.4
Armour         | 1 |  1.0
Fighting       | 1 |  1.0
Conjurations   | 2 |  2.0
Dodging        | |  2.5
Stealth        | |  2.4
Summonings     | |  1.1
Translocations | |  1.1
Fire Magic     | |  0.2

Action                   || total
-------------------------++-------
Melee: Dagger            ||     5
 Cast: Magic Dart        ||    94
 Stab: Sleeping          ||     1
Armor: Robe              ||     4
Dodge: Dodged            ||    14

Table legend: (Time is in decaauts)
 A = Elapsed time spent in this place.
 B = Non-inter-level travel time spent in this place.
 C = Inter-level travel time spent in this place.
 D = Time resting spent in this place.
 E = Time spent auto-exploring this place.
 F = Levels seen in this place.
 G = Mean time per level.
                   A        B        C        D        E       F      G
               +--------+--------+--------+--------+--------+-----+--------+
         Total |   2002 |   1967 |     35 |    156 |   1582 |   2 | 1001.0 |
       Dungeon |   2002 |   1967 |     35 |    156 |   1582 |   2 | 1001.0 |
               +--------+--------+--------+--------+--------+-----+--------+

Top non-repeatable levels by time:
     D:1: 1467 daAuts
     D:2: 535 daAuts
